 Dungeon Crawl Stone Soup version 0.31-a0-256-g80acddb972 (webtiles) character file.

Game seed: 8314845073850000161

318679 Morbidden the Wrestler (level 22, -4/158 HPs)
             Began as a Djinni Shapeshifter on July 13, 2023.
             Was the Champion of Cheibriados.
             Slain by Morbidden's illusion (illusionary) (18 damage)
             ... woven by Mara
             ... on level 2 of the Vaults.
             The game lasted 01:07:13 (35587 turns).

Morbidden the Wrestler (Djinni Shapeshifter)       Turns: 35587, Time: 01:07:13

Health: -4/158     AC: 12    Str: 37    XL:     22   Next: 41%
Gold:   3969       EV: 29    Int: 26    God:    Cheibriados [******] SH:  9 Dex: 31

rFire   + +          .
                       - Unarmed
rCold   . . .        u - +1 buckler of Death Resistance {Slay+2}
rNeg    . . .        G - melded +1 plate armour of the First Beds {Will+ Regen+ Int+4}
rPois   ∞            H - +2 helmet {SInv}
rElec   .            F - +2 cloak {Stlth+}
rCorr   .            b - +0 pair of gloves
SInv    +            (boots unavailable)
Will    ++...        q - amulet of regeneration
Stlth   ++++         e - +4 ring of protection
HPRegen 1.26/turn    p - ring of protection from cold
MPRegen 0.00/turn

%: infuse magic (-5 HP)
@: maw-form, animating dead, flying, studying Unarmed Combat, very slow
A: devouring maw, flying, sickness immunity, fire resistance 2, cold
vulnerability 1, float, innate caster, HP casting, extra vitality 1
}: 2/15 runes: decaying, gossamer
a: Renounce Religion, Bend Time, Temporal Distortion, Slouch, Step From Time


You were on level 2 of the Vaults.
You worshipped Cheibriados.
Cheibriados was exalted by your worship.
You were a creature with a mouth for a stomach.
You visited 8 branches of the dungeon, and saw 36 of its levels.
You also visited: Bailey and Volcano.

You collected 4225 gold pieces.
You spent 256 gold pieces at shops.

Inventory:

Hand Weapons
 a - the +3 greatsling "Punk" {acid, rCorr}
   (You found it on level 5 of the Lair of Beasts)

   rCorr:     It protects you from acid and corrosion.
Missiles
 l - 18 curare-tipped darts (quivered)
 m - 17 boomerangs
 I - 12 silver javelins
 R - 10 javelins
 W - 7 throwing nets
Armour
 b - a +0 pair of gloves (worn)
 u - the +1 buckler of Death Resistance (worn) {Slay+2}
   (You acquired it on level 10 of the Dungeon)

   Slay:      It affects your accuracy & damage with ranged weapons and melee
   (+2).
 F - a +2 cloak of stealth (worn)
 G - the +1 plate armour of the First Beds (melded) {Will+ Regen+ Int+4}
   (You found it in a bailey)

   Int:       It affects your intelligence (+4).
   Regen:     It increases your rate of health regeneration.
   Will:      It increases your willpower.
 H - a +2 helmet of see invisible (worn)
Jewellery
 e - a +4 ring of protection (left hand)
 p - a ring of protection from cold (right hand)
 q - an amulet of regeneration (around neck)
 y - a ring of the Octopus King {Wiz HP+2 AC+2 EV+2 SH+2}
   (You found it on level 5 of the Lair of Beasts)

   [ring of wizardry]

   It improves your spell success rate.
   AC:        It affects your AC (+2).
   EV:        It affects your evasion (+2).
   HP:        It affects your health (+2).
   SH:        It affects your SH (+2).
 S - a ring of protection from cold
 T - an amulet of the acrobat
 X - a ring of ice
 Y - a +4 ring of slaying
Talismans
 c - a beast talisman
 r - a talisman of death
 v - a storm talisman
 E - a maw talisman
 M - a serpent talisman
Wands
 g - a wand of paralysis (15)
 n - a wand of digging (27)
 D - a wand of roots (29)
 O - a wand of light (18)
 P - a wand of mindburst (10)
 Q - a wand of polymorph (28)
 V - a wand of flame (57)
Scrolls
 f - 17 scrolls of teleportation
 i - 2 scrolls of poison
 t - 6 scrolls of revelation
 z - 8 scrolls of enchant armour
 B - 3 scrolls of blinking
 C - 2 scrolls of fog
 K - 2 scrolls of butterflies
 L - 15 scrolls of identify
 Z - 4 scrolls of enchant weapon
Potions
 d - 3 potions of mutation
 h - 5 potions of invisibility
 j - 5 potions of brilliance
 k - 5 potions of haste
 o - 5 potions of cancellation
 s - 8 potions of resistance
 w - 4 potions of heal wounds
 x - a potion of berserk rage
 A - 2 potions of magic
 J - 8 potions of curing
 N - a potion of enlightenment
 U - 12 potions of ambrosia


   Skills:
 * Level 14.2 Fighting
 + Level 7.3 Ranged Weapons
 - Level 1.2 Throwing
 + Level 9.0 Armour
 + Level 14.9 Dodging
 - Level 3.2 Stealth
 - Level 8.0 Shields
 + Level 21.1 Unarmed Combat
 - Level 5.3 Spellcasting
 - Level 5.3 Conjurations
 - Level 5.3 Hexes
 - Level 5.3 Summonings
 - Level 5.3 Necromancy
 - Level 5.3 Translocations
 - Level 5.3 Transmutations
 - Level 5.3 Fire Magic
 - Level 5.3 Ice Magic
 - Level 5.3 Air Magic
 - Level 5.3 Earth Magic
 - Level 5.3 Poison Magic
 + Level 11.8 Invocations
 - Level 9.8 Evocations
 * Level 12.6 Shapeshifting


You knew the following spells:

 Your Spells              Type           Power      Damage    Failure   Level
a - Animate Dead          Necr           34%        N/A       10%         4
b - Passwall              Tmut/Erth      28%        N/A       1%          2
c - Ensorcelled Hibernat  Hex/Ice        68%        N/A       1%          2
d - Cause Fear            Hex            17%        N/A       10%         4
e - Apportation           Tloc           68%        N/A       1%          1
f - Alistair's Intoxicat  Tmut/Pois      22%        N/A       26%         5
g - Death Channel         Necr           17%        N/A       82%         6
h - Eringya's Noxious Bo  Tmut/Pois      17%        4d6       82%         6
i - Orb of Destruction    Conj           17%        9d7       100%        7
j - Ozocubu's Refrigerat  Ice            17%        4d11      100%        7
Your spell library was empty.


Dungeon Overview and Level Annotations

Branches:
Dungeon (15/15)            Temple (1/1) D:4            Lair (5/5) D:8
  Swamp (4/4) Lair:2       Spider (4/4) Lair:3        Slime (0/5) Lair:4
    Orc (2/2) D:12            Elf (3/3) Orc:2        Vaults (2/5) D:13
 Depths (0/4) D:15         Bailey (visited)         Volcano (visited)
  Crypt: Vaults:2-3

Altars:
Ashenzari
Cheibriados
Dithmenos
Elyvilon
Fedhas
Gozag
Hepliaklqana
Makhleb
Nemelex Xobeh
Okawaru
Qazlal
Ru
Trog
Uskayaw
Wu Jian
Xom
Yredelemnul
Zin
The Shining One
Jiyva

Shops:
D:2 ?   D:3 :   D:6 [?(?(   D:8 ?   D:13 *   Orc:2 [(!*=

Annotations:
Spider:1 2 transporters, ciphuk's ghost, adept TrMo
Elf:1 3 runed translucent doors, 6 transporters
Elf:2 3 runed translucent doors
Vaults:2 Mara


Innate Abilities, Weirdness & Mutations

You are a creature with a mouth for a stomach.
Your midsection houses a second, enormous mouth.
You are flying.
You are immune to sickness and miasma.
You are immune to poison.
Your flesh is very heat resistant. (rF++)
You are vulnerable to cold. (rC-)
You float through the air rather than walking.
You learn spells naturally, not from books.
Your magical power is your life essence.
You have superior vitality. (+4 MHP)


Message History

Unknown command.
You catch the helpless hell knight completely off-guard!
You punch the hell knight!
You devour the hell knight!
You feel better.
You kill the hell knight!
Cheibriados appreciates the change of pace.
The dead are walking!
Your ironbound preserver zombie hits the yaktaur!
Morbidden's illusion hits your deep troll zombie.
The yaktaur hits your ironbound preserver zombie!
Unknown command.
Unknown command.
You catch the helpless yaktaur completely off-guard!
You pulverise the yaktaur!!!
You devour half of the yaktaur!
You feel better.
You kill the yaktaur!
Cheibriados appreciates the change of pace.
The dead are walking!
Your deep troll zombie closely misses Morbidden's illusion. x3
Unknown command.
Unknown command.
Morbidden's illusion hits you!!
Your yaktaur zombie barely misses Morbidden's illusion.
Your deep troll zombie closely misses Morbidden's illusion.
Your deep troll zombie claws Morbidden's illusion but does no damage.
Your deep troll zombie misses Morbidden's illusion.
You block Morbidden's illusion's attack.
Your ironbound preserver zombie misses Morbidden's illusion.
Your hell knight zombie hits Morbidden's illusion!
Items here: ))) [[[.
Unknown command.
Unknown command.
You swap places.
Morbidden's illusion hits you!!!
* * * LOW HITPOINT WARNING * * *
Your yaktaur zombie completely misses Morbidden's illusion.
Your deep troll zombie bites Morbidden's illusion but does no damage.
Your deep troll zombie claws Morbidden's illusion but does no damage.
Your deep troll zombie claws Morbidden's illusion.
Your hell knight zombie hits Morbidden's illusion!
Your ironbound preserver zombie completely misses Morbidden's illusion.
Morbidden's illusion hits you!!
You die...

#######... .....#..#
....#..# ...#..# #..#..#
#..#Z.# #.)#ZZ# #.[W@.#
#...#ZZ# .......#Z[#
.......#..#
############[.#'#..
######...........[.R.....
...............).........
.........................
.........................


You could see Mara, Morbidden's illusion (ally target), 2 friendly yaktaur
zombies, a friendly deep troll zombie, 2 friendly hell knight zombies and a
friendly ironbound preserver zombie.

Vanquished Creatures
  the Lernaean hydra (Swamp:4)
  Nikola (Swamp:4)
  Jory (Vaults:2)
  Arachne (Spider:2)
  2 deep elf master archers (Elf:3)
  2 deep elf blademasters (Elf:3)
  3 sphinxes (Vaults:1)
  Agnes (Spider:2)
  A thorn hunter (Swamp:3)
  A fenstrider witch (Swamp:1)
  Aizul (Spider:4)
  4 vault wardens
  A frost giant (shapeshifter) (Elf:3)
  4 emperor scorpions (Spider:4)
  8 deep elf sorcerers
  3 broodmothers
  3 deep elf elementalists (Elf:3)
  7 ghost moths
  An orc warlord (Vaults:2)
  A formless jellyfish (Vaults:2)
  6 ironbound preservers
  2 ironbound thunderhulks
  6 eleionomae
  9 deep elf demonologists
  9 deep elf annihilators
  2 vampire knights (Vaults:2)
  6 bunyips
  4 dire elephants
  2 spark wasps
  An eidolon (Vaults:2)
  4 entropy weavers
  7 deep elf death magi
  An ettin (Orc:2)
  A deep elf high priest (Elf:1)
  An entropy weaver (shapeshifter) (Elf:3)
  4 yaktaur captains
  3 great orbs of eyes
  8 vault guards (D:13)
  A jorogumo (Spider:2)
  A spriggan air mage (Swamp:2)
  An ogre mage (D:14)
  3 ghost crabs
  17 hydras
  A merfolk avatar (Lair:5)
  5 radroaches
  A catoblepas (Lair:5)
  12 boulder beetles
  Erica (D:8)
  6 ironbound frosthearts
  22 dancing weapons
  2 alligators
  12 centaur warriors
  10 demonic crawlers
  8 two-headed ogres
  7 death yaks (Lair:5)
  6 orc high priests (Orc:2)
  3 tengu warriors (D:13)
  10 deep elf knights
  2 hell knights (Vaults:2)
  2 spriggan berserkers (Swamp:2)
  22 spriggans
  2 fire crabs
  A titan zombie (Vaults:1)
  10 pharaoh ants
  4 skysharks
  5 goliath frogs
  2 sun moths (Spider:4)
  19 deep trolls
  A flayed ghost (Vaults:2)
  2 sea snakes (Lair:5)
  A glowing orange brain (Vaults:1)
  8 spriggan druids
  3 bog bodies
  13 swamp dragons
  17 deep elf archers
  5 lindwurms
  Pikel (D:7)
  A golden dragon skeleton (Vaults:1)
  20 deep elf zephyrmancers
  11 steelbarb worms
  2 orb spiders
  4 necromancers
  3 wizards
  7 orc knights
  2 ironbound convokers (Vaults:1)
  32 deep elf pyromancers
  3 harpies
  An orc sorcerer (Elf:1)
  4 will-o-the-wisps
  3 manticores
  6 cyclopes
  13 wolf spiders
  6 ugly things
  A salamander (D:15)
  5 moths of wrath
  2 molten gargoyles (Volcano)
  12 vault sentinels
  4 black mambas
  19 elephants
  3 torpor snails
  5 gargoyles
  14 cane toads
  A torpor snail (shapeshifter) (Elf:3)
  2 unseen horrors
  5 komodo dragons
  18 yaktaurs
  2 elf skeletons (Vaults:1)
  3 kobold demonologists
  An unseen horror zombie (D:8)
  7 rime drakes
  A yaktaur skeleton (Vaults:1)
  A queen bee (D:13)
  9 meliai
  20 hornets
  8 trolls
  8 tyrant leeches
  5 polar bears
  18 tarantellas
  6 blink frogs
  A snapping turtle (Lair:5)
  4 air elementals
  A water elemental (Elf:1)
  13 culicivoras
  Sigmund (D:2)
  32 slime creatures
  2 vampires
  21 jumping spiders
  A wraith (D:11)
  2 shadows
  6 wyverns
  59 yaks
  4 fire elementals
  10 fire bats (Volcano)
  Grum (D:9)
  17 vampire mosquitoes
  4 basilisks
  A steam dragon (Volcano)
  23 swamp worms
  5 wargs
  46 redbacks
  An acid dragon (D:12)
  A hell hound (Volcano)
  18 water moccasins
  7 swamp drakes
  33 orc warriors
  An ice beast (D:8)
  3 sky beasts
  A black bear (D:5)
  9 ogres
  2 human zombies (Vaults:1)
  23 wolves
  12 centaurs
  A boggart (Elf:1)
  A human skeleton (Vaults:1)
  A phantom (D:5)
  A lemure (D:7)
  3 kobold brigands
  9 bullfrogs
  3 earth elementals (Elf:2)
  A wyvern zombie (D:8)
  2 scorpions
  A gnoll sergeant (D:8)
  8 wights
  32 killer bees
  7 howler monkeys
  7 electric eels
  8 vampire bats (Bailey)
  7 wolf zombies (Bailey)
  3 centaur zombies (D:8)
  7 lava snakes (Volcano)
  2 gnoll boudas
  12 hounds
  35 orc priests
  3 sleepcaps
  3 iguanas
  11 orc wizards
  4 hell rats (Lair:4)
  4 yak simulacra (Lair:5)
  2 killer bee zombies (D:8)
  A polar bear simulacrum (Lair:5)
  3 wolf simulacra (Lair:5)
  29 gnolls
  2 howler monkey zombies (D:8)
  12 adders
  A white imp (D:6)
  3 ufetubi
  3 worms
  A dart slug (D:3)
  87 orcs
  7 ball pythons
  16 bats
  4 endoplasms
  3 giant cockroaches
  9 goblins
  10 hobgoblins
  4 jackals
  3 quokkas
  A frilled lizard (D:1)
  17 kobolds
  21 orc zombies (Bailey)
  3 rats
  3 river rat simulacra (Lair:5)
  2 spectral weapons (Spider:2)
1458 creatures vanquished.

Vanquished Creatures (collateral kills)
  An ironbound thunderhulk (Vaults:1)
  A vault sentinel (Vaults:2)
  A slime creature (Vaults:1)
3 creatures vanquished.

Vanquished Creatures (others)
  A centaur warrior (Vaults:1)
  3 deep elf knights
  An ogre zombie (Vaults:1)
  An orc zombie (Vaults:2)
  An elf zombie (Vaults:2)
  3 slime creature zombies (Vaults:2)
  A swamp worm (Swamp:1)
  3 deep troll zombies (Vaults:2)
  An orc wizard (D:8)
  An orc (D:8)
  10 foxfires
26 creatures vanquished.

Grand Total: 1487 creatures vanquished

Notes
Turn   | Place    | Note
-------+----------+-------------------------------------------
     0 | D:1      | Morbidden the Djinni Shapeshifter began the quest for the
                  | Orb.
     0 | D:1      | Reached XP level 1. HP: 18/18 MP: 0/0
    48 | D:1      | Reached XP level 2. HP: 13/23 MP: 0/0
   648 | D:1      | Reached XP level 3. HP: 28/28 MP: 0/0
   648 | D:1      | Learned a level 1 spell: Apportation
   710 | D:2      | Identified the +4 sling "Dophuepe" {freeze, rElec rN+++
                  | rCorr MP-9}
   946 | D:2      | Found Col Est's Magic Scroll Shoppe.
   954 | D:2      | Bought a scroll of teleportation for 39 gold pieces
  1015 | D:2      | Noticed Sigmund
  1046 | D:2      | Killed Sigmund
  1047 | D:2      | Reached skill level 4 in Unarmed Combat
  1047 | D:2      | Reached XP level 4. HP: 16/34 MP: 0/0
  1047 | D:2      | Reached XP level 5. HP: 18/39 MP: 0/0
  1047 | D:2      | Learned a level 2 spell: Passwall
  1047 | D:2      | Reached XP level 6. HP: 21/45 MP: 0/0
  1487 | D:2      | Identified the +0 short sword "Tahathuc" {vamp, rC+}
  1737 | D:3      | Found a glowing golden altar of the Shining One.
  1774 | D:3      | Found Webimi's Book Emporium.
  1786 | D:3      | Found a glowing silver altar of Zin.
  1819 | D:3      | Found an opulent altar of Gozag.
  1916 | D:3      | Found a faded altar of an unknown god.
  2276 | D:3      | Found a burning altar of Makhleb.
  2749 | D:4      | Found a staircase to the Ecumenical Temple.
  2767 | Temple   | Entered the Ecumenical Temple
  2918 | D:4      | Reached XP level 7. HP: 42/49 MP: 0/0
  2918 | D:4      | Learned a level 2 spell: Ensorcelled Hibernation
  3021 | D:4      | Identified the +1 leather armour "Tuoputog" {rC++ Int-3
                  | Dex+4}
  3259 | D:4      | Reached skill level 5 in Unarmed Combat
  3369 | D:4      | Found a shadowy altar of Dithmenos.
  3494 | D:4      | Found a blossoming altar of Fedhas.
  3539 | D:5      | Entered Level 5 of the Dungeon
  3957 | D:5      | Reached XP level 8. HP: 56/56 MP: 0/0
  4118 | D:5      | Reached skill level 1 in Armour
  4118 | D:5      | Reached skill level 6 in Unarmed Combat
  4250 | D:5      | Found a hide-covered altar of Uskayaw.
  4294 | D:5      | Reached skill level 1 in Stealth
  4414 | D:5      | Found an iron altar of Okawaru.
  4647 | D:6      | Found Weump's Weapon Shop.
  4658 | D:6      | Bought 2 curare-tipped darts for 36 gold pieces
  4726 | D:6      | Found Nausumi's Magic Scroll Emporium.
  4734 | D:6      | Bought a scroll of teleportation for 33 gold pieces
  4734 | D:6      | Bought a scroll of teleportation for 33 gold pieces
  4734 | D:6      | Bought a scroll of teleportation for 33 gold pieces
  4765 | D:6      | Reached skill level 7 in Unarmed Combat
  4782 | D:6      | Found Bufiuphon's Weapon Shop.
  4878 | D:6      | Reached XP level 9. HP: 56/62 MP: 0/0
  4878 | D:6      | Learned a level 4 spell: Cause Fear
  4927 | D:6      | HP: 1/62 [something (6)]
  5028 | D:6      | Reached skill level 5 in Dodging
  5132 | D:6      | Reached skill level 8 in Unarmed Combat
  5207 | D:6      | Found Xemumec's Magic Scroll Shoppe.
  5216 | D:6      | Found Addi's Antique Armour Shop.
  5683 | D:7      | Reached skill level 5 in Shapeshifting
  5704 | D:6      | Bought a scroll of blinking for 82 gold pieces
  5721 | D:7      | Found a sparkling altar of Nemelex Xobeh.
  5820 | D:7      | Found a flagged portal.
  5836 | Bailey   | Entered a bailey
  6016 | Bailey   | Reached skill level 9 in Unarmed Combat
  6039 | Bailey   | Reached XP level 10. HP: 57/69 MP: 0/0
  6087 | Bailey   | Reached skill level 5 in Fighting
  6122 | Bailey   | Noticed a gargoyle
  6142 | Bailey   | Killed a gargoyle
  6306 | Bailey   | Identified the +4 scale mail of Nach {Rampage rPois}
  6308 | Bailey   | Identified the +1 plate armour of the First Beds {Will+
                  | Regen+ Int+4}
  6535 | D:7      | Reached skill level 10 in Unarmed Combat
  6588 | D:7      | Noticed Pikel
  6603 | D:7      | Killed Pikel
  7798 | D:8      | Noticed Erica
  7817 | D:8      | Killed Erica
  7818 | D:8      | Reached skill level 11 in Unarmed Combat
  7818 | D:8      | Reached XP level 11. HP: 75/76 MP: 0/0
  7818 | D:8      | Learned a level 4 spell: Animate Dead
  7894 | D:8      | Found a staircase to the Lair.
  8127 | D:8      | Found Ekhliu Hune's Magic Scroll Shoppe.
  8403 | D:8      | Reached skill level 1 in Evocations
  8415 | D:8      | Found a basalt altar of Yredelemnul.
  8770 | D:9      | Reached skill level 1 in Shields
  8844 | D:9      | Noticed Grum
  8869 | D:8      | Reached skill level 5 in Armour
  9141 | D:9      | Killed Grum
  9258 | D:9      | Noticed a two-headed ogre
  9265 | D:9      | Killed a two-headed ogre
  9266 | D:9      | Reached skill level 12 in Unarmed Combat
  9420 | D:9      | Identified the orb "Plog" {*channel, Harm rElec Str+4}
  9696 | D:10     | Entered Level 10 of the Dungeon
 10063 | D:10     | Identified a scroll of acquirement
 10063 | D:10     | Acquired the +1 buckler of Death Resistance {Slay+2}
 10082 | D:10     | Found a snail-covered altar of Cheibriados.
 10142 | D:10     | Became a worshipper of Cheibriados the Contemplative
 10260 | D:10     | Found a shimmering altar of Xom.
 10607 | Lair:1   | Entered Level 1 of the Lair of Beasts
 10730 | Lair:1   | Reached XP level 12. HP: 72/84 MP: 0/0
 10827 | Lair:1   | Reached * piety under Cheibriados
 10875 | Lair:1   | Reached skill level 13 in Unarmed Combat
 11235 | Lair:1   | Reached ** piety under Cheibriados
 11328 | Lair:1   | Identified the +0 war axe of the New World {flame, Str+2
                  | Int+4}
 11801 | Lair:2   | Identified the +2 leather armour of Patience {rF+}
 11872 | Lair:2   | Found a staircase to the Swamp.
 11883 | Lair:2   | Reached skill level 1 in Invocations
 12100 | Lair:2   | Reached *** piety under Cheibriados
 12306 | Lair:2   | Reached XP level 13. HP: 75/90 MP: 0/0
 12306 | Lair:2   | Learned a level 5 spell: Alistair's Intoxication
 12546 | Lair:3   | Reached skill level 14 in Unarmed Combat
 12861 | Lair:3   | Reached **** piety under Cheibriados
 12910 | Lair:3   | Found a hole to the Spider Nest.
 13165 | Lair:3   | Reached skill level 5 in Evocations
 13202 | Lair:3   | Noticed a four-headed hydra
 13207 | Lair:3   | Killed a four-headed hydra
 13839 | Lair:4   | Reached ***** piety under Cheibriados
 14050 | Lair:4   | Found a viscous altar of Jiyva.
 14050 | Lair:4   | Found a staircase to the Slime Pits.
 14449 | Lair:5   | Entered Level 5 of the Lair of Beasts
 14465 | Lair:5   | Reached XP level 14. HP: 65/98 MP: 0/0
 14515 | Lair:5   | Found the +3 greatsling "Punk" {acid, rCorr}
 14515 | Lair:5   | Found the ring of the Octopus King
 14523 | Lair:5   | Identified the +2 broad axe of Vikhetu {flame, rF- Will-
                  | Int+7 Dex+3}
 14527 | Lair:5   | Identified a ring of the Octopus King {Wiz HP+2 AC+2 EV+2
                  | SH+2}
 14587 | Lair:5   | Reached skill level 15 in Unarmed Combat
 14598 | Lair:5   | Reached skill level 5 in Invocations
 15039 | Lair:5   | Reached skill level 10 in Dodging
 15135 | Lair:5   | Reached XP level 15. HP: 101/101 MP: 0/0
 15135 | Lair:5   | Learned a level 6 spell: Death Channel
 15835 | D:11     | Found a broken altar of Ashenzari.
 16515 | D:12     | Reached skill level 1 in Ranged Weapons
 16776 | D:12     | Found a staircase to the Orcish Mines.
 17614 | D:13     | Found a hide-covered altar of Uskayaw.
 17624 | D:13     | Found Ulaxab's Demolitions Depot.
 17812 | D:13     | Found a gate to the Vaults.
 18185 | D:14     | Reached skill level 5 in Shields
 18185 | D:14     | Reached XP level 16. HP: 69/112 MP: 0/0
 18388 | D:14     | Reached ****** piety under Cheibriados
 18686 | D:15     | Entered Level 15 of the Dungeon
 18709 | D:15     | Found a staircase to the Depths.
 18726 | D:15     | Reached skill level 16 in Unarmed Combat
 18974 | D:15     | Found a hazy altar of Hepliaklqana.
 19180 | Orc:1    | Entered Level 1 of the Orcish Mines
 19237 | Orc:1    | Reached skill level 10 in Fighting
 19272 | Orc:1    | Found a dark tunnel.
 19277 | Volcano  | Entered a volcano
 19567 | Volcano  | Found a bloodstained altar of Trog.
 20340 | Orc:2    | Entered Level 2 of the Orcish Mines
 20340 | Orc:2    | Found Sieguc's Armour Emporium.
 20383 | Orc:2    | Found a staircase to the Elven Halls.
 20806 | Orc:2    | Found Doixud's Weapon Emporium.
 20809 | Orc:2    | Found Istro Ybb's Jewellery Emporium.
 20810 | Orc:2    | Found Naufyol's Distillery.
 20811 | Orc:2    | Found Xeneokk's Assorted Antiques.
 21155 | Swamp:1  | Entered Level 1 of the Swamp
 21564 | Swamp:1  | You are sucked into a shaft and drop 1 floor!
 21672 | Swamp:2  | Reached XP level 17. HP: 108/119 MP: 0/0
 21672 | Swamp:2  | Learned a level 6 spell: Eringya's Noxious Bog
 22367 | Swamp:3  | Reached skill level 5 in Ranged Weapons
 22379 | Swamp:3  | Noticed a thorn hunter
 22385 | Swamp:3  | Killed a thorn hunter
 22488 | Swamp:3  | Reached skill level 17 in Unarmed Combat
 23841 | Swamp:4  | Entered Level 4 of the Swamp
 24302 | Swamp:4  | Reached XP level 18. HP: 128/128 MP: 0/0
 24477 | Swamp:4  | Noticed Nikola
 24497 | Swamp:4  | Killed Nikola
 24698 | Swamp:4  | Noticed the 27-headed Lernaean hydra
 24709 | Swamp:4  | Killed the 27-headed Lernaean hydra
 24759 | Swamp:4  | Got a decaying rune of Zot
 25006 | Spider:1 | Entered Level 1 of the Spider Nest
 25294 | Spider:1 | Found a transporter.
 25315 | Spider:1 | Found a transporter.
 25323 | Spider:1 | Noticed ciphuk's ghost (adept TrMo)
 25875 | Spider:2 | Reached skill level 1 in Spellcasting
 25875 | Spider:2 | Reached skill level 1 in Conjurations
 25875 | Spider:2 | Reached skill level 1 in Hexes
 25875 | Spider:2 | Reached skill level 1 in Summonings
 25875 | Spider:2 | Reached skill level 1 in Necromancy
 25875 | Spider:2 | Reached skill level 1 in Translocations
 25875 | Spider:2 | Reached skill level 1 in Transmutations
 25875 | Spider:2 | Reached skill level 1 in Fire Magic
 25875 | Spider:2 | Reached skill level 1 in Ice Magic
 25875 | Spider:2 | Reached skill level 1 in Air Magic
 25875 | Spider:2 | Reached skill level 1 in Earth Magic
 25875 | Spider:2 | Reached skill level 1 in Poison Magic
 25895 | Spider:2 | Noticed Agnes
 25903 | Spider:2 | Killed Agnes
 26041 | Spider:2 | Noticed Arachne
 26057 | Spider:2 | Killed Arachne
 26363 | Spider:3 | Reached XP level 19. HP: 91/134 MP: 0/0
 26363 | Spider:3 | Learned a level 7 spell: Orb of Destruction
 26530 | Spider:3 | Reached skill level 10 in Shapeshifting
 26858 | Spider:3 | Identified the amulet "Tapnod" {Faith Drain Will+ Str+3
                  | SInv}
 27416 | Spider:4 | Entered Level 4 of the Spider Nest
 27447 | Spider:3 | Reached skill level 10 in Invocations
 28109 | Spider:4 | Noticed Aizul
 28280 | Spider:4 | Reached skill level 18 in Unarmed Combat
 28422 | Spider:4 | Killed Aizul
 28649 | Spider:4 | Got a gossamer rune of Zot
 29087 | Elf:1    | Entered Level 1 of the Elven Halls
 29087 | Elf:1    | Found a runed translucent gate.
 29087 | Elf:1    | Found a runed translucent gate.
 29087 | Elf:1    | Found a runed translucent gate.
 29087 | Elf:1    | Found a runed translucent gate.
 29087 | Elf:1    | Found a runed translucent gate.
 29087 | Elf:1    | Found a runed translucent gate.
 29088 | Elf:1    | Found a runed translucent door.
 29090 | Elf:1    | Found a runed translucent door.
 29244 | Elf:1    | Reached XP level 20. HP: 129/142 MP: 0/0
 29932 | Elf:1    | Found a transporter.
 29966 | Elf:1    | Found a transporter.
 30157 | Elf:1    | Found a transporter.
 30160 | Elf:1    | Found a transporter.
 30263 | Elf:1    | Found a transporter.
 30267 | Elf:1    | Found a transporter.
 30754 | Elf:2    | Paralysed by an air elemental for 1 turns
 30820 | Elf:2    | Found a runed translucent gate.
 30821 | Elf:2    | Found a runed translucent gate.
 30821 | Elf:2    | Found a runed translucent gate.
 30876 | Elf:2    | Paralysed by an air elemental for 1 turns
 31278 | Elf:3    | Entered Level 3 of the Elven Halls
 31344 | Elf:3    | Paralysed by an air elemental for 1 turns
 31674 | Elf:3    | Identified the staff "Kuvunk" {*Slow +Blink rPois rC+ Int+8
                  | Ice}
 31753 | Elf:3    | Reached XP level 21. HP: 132/149 MP: 0/0
 31753 | Elf:3    | Learned a level 7 spell: Ozocubu's Refrigeration
 31848 | Elf:3    | Reached skill level 1 in Throwing
 31852 | Elf:3    | Reached skill level 5 in Spellcasting
 31852 | Elf:3    | Reached skill level 5 in Conjurations
 31852 | Elf:3    | Reached skill level 5 in Hexes
 31852 | Elf:3    | Reached skill level 5 in Summonings
 31852 | Elf:3    | Reached skill level 5 in Necromancy
 31852 | Elf:3    | Reached skill level 5 in Translocations
 31852 | Elf:3    | Reached skill level 5 in Transmutations
 31852 | Elf:3    | Reached skill level 5 in Fire Magic
 31852 | Elf:3    | Reached skill level 5 in Ice Magic
 31852 | Elf:3    | Reached skill level 5 in Air Magic
 31852 | Elf:3    | Reached skill level 5 in Earth Magic
 31852 | Elf:3    | Reached skill level 5 in Poison Magic
 31948 | Elf:3    | Identified the +0 ring mail of Apathy {+Inv rCorr Str+2
                  | Int+2}
 32279 | Elf:3    | Identified the +1 scale mail of Beikhedu {rN+}
 33442 | Vaults:1 | Entered Level 1 of the Vaults
 33736 | Vaults:1 | Reached skill level 19 in Unarmed Combat
 34068 | Vaults:1 | Reached skill level 20 in Unarmed Combat
 34419 | Vaults:1 | Reached XP level 22. HP: 157/157 MP: 0/0
 35247 | Vaults:2 | Noticed Jory
 35263 | Vaults:2 | Killed Jory
 35557 | Vaults:2 | Reached skill level 21 in Unarmed Combat
 35563 | Vaults:2 | Noticed Mara
 35566 | Vaults:2 | Noticed Morbidden's illusion
 35587 | Vaults:2 | Slain by Morbidden's illusion (illusionary)

Illustrated notes

Levels and vault maps discovered:
D:1:      dpeg_arrival_arbitrary_c, layout_rooms, hex_medium,
          minmay_split_cup_small
D:2:      layout_loops_ring, serial_shops, shop, minmay_tall_x, uniq_sigmund
D:3:      layout_loops_cross, pdpol_temple_overflow_zin_treasury_gozag_greed,
          mainiacjoe_overflow_alcove_2, mainiacjoe_overflow_brackets,
          serial_shops, nicolae_book_shop_shelving,
          ebering_ecumenical_altar_box, corexii_shack
D:4:      layout_loops_ring, nicolae_dithmenos_through_a_glass_darkly,
          kennysheep_mini, minmay_temple_entry_offerings
D:5:      layout_basic, okawaru_altar_gauntlet_db, mainiacjoe_overflow_alcove_4,
          lemuel_coloured_pillars_altar, grunt_decor_junction,
          minmay_misc_feat_five, kennysheep_generic_room_7
D:6:      minmay_spotlight, layout_basic, old_standard_altar, serial_shops,
          shop, nicolae_inconvenience_store, shop, nicolae_take_the_stairs,
          nicolae_stop_n_shop_1
D:7:      nicolae_BIG_FREAKIN_CUBE, layout_basic, general_overflow_altar,
          enter_bailey_4, uniq_pikel
D:8:      layout_loops_corners, nicolae_yredelemnul_corpse_copse,
          erik_lair_island, serial_shops, nicolae_shop_just_a_little_nook,
          roderic_batcave, uniq_erica
D:9:      layout_roguey, nicolae_kite_square_tiling_tiny, uniq_grum
D:10:     layout_long_grid, marbit_many_paths, lemuel_tele_altar
D:11:     layout_roguey, ashenzari_conservatory_becter
D:12:     layout_loops_ring, minmay_orc_entry_guard_dogs
D:13:     layout_rooms, erik_vaults_2, special_room [special_room_bee],
          nicolae_blasting_shop, nicolae_uskayaw_en_pointe
D:14:     layout_irregular_city, serial_park_avenue1
D:15:     hangedman_depths_entry_try_elsewhere_first, layout_rooms, special_room
          [special_room_orc], nicolae_hepliaklqana_hazy_memory
Temple:   hellmonk_temple_two_chambers
Lair:1:   layout_regular_city, small_statue_intersection
Lair:2:   beast_lair_carwin_large_3, layout_chaotic_city,
          minmay_swamp_entry_worms, lemuel_fruit_fields
Lair:3:   layout_layer_cave, hellmonk_spider_entry_not_the_bees
Lair:4:   layout_cave_pods, dpeg_slime_entry_enclosed, serial_rivers,
          chequers_serial_rivers_small_a, chequers_serial_rivers_large_a,
          chequers_serial_rivers_small_b, chequers_serial_rivers_micro_e,
          chequers_serial_rivers_small_3
Lair:5:   gammafunk_lair_ancient_temple, layout_regular_city,
          eino_house_with_fridge
Swamp:1:  layout_basic_swamp, evilmike_swamp_ruin_house_4, swamp_pool1
Swamp:2:  nicolae_swamp_secret_spriggan_hideout, layout_basic_swamp,
          serial_swamp_ruin, hangedman_swamp_ruin_wall,
          evilmike_swamp_ruin_house_5, nicolae_swamp_stuck_in_the_mud
Swamp:3:  layout_basic_swamp, evilmike_swamp_ruin_house_6, swamp_pool2
Swamp:4:  swamp_old_school, layout_basic_swamp, uniq_nikola
Spider:1: layout_spider_delve, nzn_ghost_randoct, guppyfry_spider_mini_3
Spider:2: layout_spider_delve, uniq_agnes, uniq_arachne
Spider:3: layout_cave_pods, nicolae_spider_baby_got_redback
Spider:4: hellmonk_spider_rune_bug_friends, uniq_aizul
Orc:1:    layout_caves, enter_volcano_1, nicolae_orc_rockfall,
          nicolae_orc_lava_tube, nicolae_orc_crystal_geode
Orc:2:    st_orc_pillars, layout_caves, serial_shops,
          nicolae_shop_tiny_waterfront, hellmonk_bongcloud_opening,
          nicolae_orc_sculptors_studio
Elf:1:    nicolae_elf_arrival_dilemma, layout_loops_corners, basic_altar,
          hangedman_elf_disciples, serial_nicolae_subway,
          nicolae_sub_station_stone, nicolae_sub_station_crystal,
          nicolae_sub_station_metal
Elf:2:    nicolae_elf_blades_crystal_corner, layout_geoelf_octagon,
          nicolae_elf_crossing_hall
Elf:3:    grunt_elf_hall_spiral, layout_geoelf_diagonals
Vaults:1: nicolae_vaults_what_the_h, nicolae_vaults_an_arrangement,
          nicolae_vaults_trapezoid_lopsided_1, vaults_dpeg_doors,
          hangedman_vaults_nodes, vaults_mumra_minichess_inversion,
          v_alt_pattern_5, v_misc_10, nicolae_vaults_tetromino_Z_1,
          vaults_dpeg_diagonal, nicolae_vaults_little_squares_1,
          layout_vaults_omnigrid
Vaults:2: nicolae_vaults_trapezoid_2, nicolae_vaults_wine_cellar,
          minmay_crypt_entry_simple_statues, hangedman_vaults_restitches,
          hangedman_vaults_pinch, v_rooms_2, vaults_room_glass_cross,
          nicolae_vaults_storage_closets_1, nicolae_vaults_stepped_doors,
          nicolae_vaults_trapezoid_lopsided_3, nicolae_vaults_hallways_thing,
          nicolae_vaults_diamond_1, layout_vaults_omnicross, uniq_jory,
          uniq_mara, uniq_margery

Skill      XL: |  1  2  3  4  5  6  7  8  9 10 11 12 13 14 15 16 17 18 19 20 21 22 |
---------------+-------------------------------------------------------------------+-----
Shapeshifting  | 3 4 5 6 7 8 9 10 11 12 | 12.6
Dodging        | 3 4 5 6 7 8 9 10 11 12 13 14 | 14.9
Unarmed Combat | 4 5 7 9 11 12 13 14 15 16 17 18 20 21 | 21.1
Fighting       | 3 4 5 6 7 8 9 10 11 12 13 14 | 14.2
Armour         | 2 3 4 5 6 7 8 9 |  9.0
Stealth        | 1 2 3 |  3.2
Evocations     | 2 4 5 6 7 8 9 |  9.8
Shields        | 1 2 3 4 5 6 7 8 |  8.0
Invocations    | 1 3 5 6 7 8 9 10 11 | 11.8
Ranged Weapons | 3 4 6 7 |  7.3
Spellcasting   | 1 3 4 5 |  5.3
Conjurations   | 1 3 4 5 |  5.3
Hexes          | 1 3 4 5 |  5.3
Summonings     | 1 3 4 5 |  5.3
Necromancy     | 1 3 4 5 |  5.3
Translocations | 1 3 4 5 |  5.3
Transmutations | 1 3 4 5 |  5.3
Fire Magic     | 1 3 4 5 |  5.3
Ice Magic      | 1 3 4 5 |  5.3
Air Magic      | 1 3 4 5 |  5.3
Earth Magic    | 1 3 4 5 |  5.3
Poison Magic   | 1 3 4 5 |  5.3
Throwing       | 1 |  1.2

Action                     |  1- 3 |  4- 6 |  7- 9 | 10-12 | 13-15 | 16-18 | 19-21 | 22-24 || total
---------------------------+-------+-------+-------+-------+-------+-------+-------+-------++-------
  Melee: Unarmed           |   112 |   125 |   456 |   768 |   443 |   587 |  1017 |   130 ||  3638
         Punch             |     1 |     4 |    24 |    10 |       |       |       |       ||    39
         Maw               |       |       |       |       |       |   172 |   369 |    70 ||   611
         Constrict         |       |       |       |       |       |     1 |    60 |       ||    61
   Fire: Greatsling        |       |       |       |       |   338 |   480 |    72 |       ||   890
  Throw: Boomerang         |       |       |       |     2 |     4 |     5 |     7 |       ||    18
         Dart              |       |       |       |       |       |       |    18 |       ||    18
   Cast: Apportation       |       |       |       |       |       |     3 |       |       ||     3
         Animate Dead      |       |       |       |       |       |       |     4 |     7 ||    11
 Invoke: Slouch            |       |       |       |       |    11 |    21 |    13 |       ||    45
  Evoke: Wand              |       |       |       |    10 |       |     5 |     2 |       ||    17
    Use: Potion            |     1 |       |     6 |     3 |       |     1 |     7 |       ||    18
         Scroll            |       |     1 |     8 |     4 |    17 |     6 |    11 |       ||    47
   Stab: Sleeping          |       |     2 |       |       |       |     5 |     7 |     2 ||    16
         Distracted        |       |       |       |       |       |     3 |     3 |     3 ||     9
 Armour: Animal skin       |    18 |    24 |     1 |       |       |       |       |       ||    43
         Skin              |    12 |       |    12 |       |       |    55 |   202 |    11 ||   292
         Leather armour    |       |       |    13 |       |       |       |       |       ||    13
         Chain mail        |       |       |   179 |    84 |       |       |       |       ||   263
         Plate armour      |       |       |       |   373 |   226 |   105 |       |       ||   704
  Dodge: Dodged            |    79 |    80 |   233 |   274 |   476 |   781 |   971 |   135 ||  3029
  Block: Buckler           |       |       |       |   138 |   309 |   504 |   310 |    73 ||  1334
         Other             |       |       |       |       |       |     2 |    22 |       ||    24
   Form: Beast             |       |       |       |     1 |       |     1 |       |       ||     2
                           |       |       |       |     1 |       |       |       |       ||     1
         Maw               |       |       |       |       |       |     2 |     2 |       ||     4
         Anaconda          |       |       |       |       |       |     1 |     3 |       ||     4

Table legend: (Time is in decaauts)
 A = Elapsed time spent in this place.
 B = Non-inter-level travel time spent in this place.
 C = Inter-level travel time spent in this place.
 D = Time resting spent in this place.
 E = Time spent auto-exploring this place.
 F = Levels seen in this place.
 G = Mean time per level.
                   A        B        C        D        E       F      G
               +--------+--------+--------+--------+--------+-----+--------+
         Total |  48645 |  45205 |   3440 |   4538 |  31261 |  38 | 1280.1 |
       Dungeon |  16318 |  14779 |   1539 |   1312 |  10259 |  15 | 1087.9 |
        Temple |     26 |     22 |      4 |      0 |     20 |   1 |   26.0 |
          Lair |   8400 |   7665 |    735 |    624 |   5813 |   5 | 1680.0 |
         Swamp |   5475 |   5039 |    436 |    563 |   3390 |   4 | 1368.8 |
   Spider Nest |   5124 |   4983 |    141 |    626 |   3273 |   4 | 1281.0 |
  Orcish Mines |   2408 |   2290 |    118 |      0 |   1815 |   2 | 1204.0 |
   Elven Halls |   6224 |   5880 |    344 |    959 |   3685 |   3 | 2074.7 |
        Vaults |   3266 |   3146 |    120 |    308 |   2182 |   2 | 1633.0 |
        Bailey |    563 |    563 |      0 |    146 |    150 |   1 |  563.0 |
       Volcano |    837 |    837 |      0 |      0 |    671 |   1 |  837.0 |
               +--------+--------+--------+--------+--------+-----+--------+

Top non-repeatable levels by time:
Vaults:1: 2697 daAuts
   Elf:3: 2658 daAuts
     D:8: 2223 daAuts
   Elf:1: 2162 daAuts
Spider:3: 2098 daAuts
  Lair:2: 1830 daAuts
  Lair:3: 1824 daAuts
 Swamp:2: 1822 daAuts
  Lair:5: 1789 daAuts
  Lair:4: 1600 daAuts
 Swamp:4: 1495 daAuts
   Elf:2: 1404 daAuts
    D:12: 1394 daAuts
Spider:4: 1380 daAuts
    D:14: 1361 daAuts
